[ AOE2 MATCH · #508779561 ]
UnrankedCiv #61 vs Civ #61
Player's team · WIN
Rival team · LOSS
[ REPLAY ANALYSIS · EXTRACTED FROM THE RECORDED GAME ]
Feudal
11:10
Castle
22:37
Imperial
—
| APM avg | 47.4 |
| APM peak | 76 |
| eAPM avg | 22.3 |
| Villagers / military | 55 / 38 |
Focus
⚔️ 37.0% · 🌾 63.0%
Archer ×24 · Skirmisher ×9 · Militia ×5
Feudal
8:59
Castle
—
Imperial
—
| APM avg | 52.2 |
| APM peak | 67 |
| eAPM avg | 24.8 |
| Villagers / military | 45 / 28 |
Focus
⚔️ 31.0% · 🌾 69.0%
Archer ×18 · Scout Cavalry ×5 · Militia ×4 · Spearman ×1
Match map
Initial resources + every placement click. Lines = walls · curves = elevation contours. ◆ gold · ⬟ stone · ● berries · ✦ relic · ◌ wall gap
Your base· ✓ Closed at 22:37 · 28t walls · 1 gate(s)
Vikingo's base· Open — opponent sealed themselves in
Smoothed initial terrain · ◌ = detected wall gap · hover for details
Inputs per minute
— Escalus - - Vikingo
Build order — Escalus
First 150 of 157 actions detected
| 0:00 | Queue | Villager (Male) |
| 0:01 | Queue | Villager (Male) |
| 0:02 | Build | House |
| 0:03 | Build | House |
| 0:07 | Queue | Villager (Male) |
| 0:07 | Queue | Villager (Male) |
| 1:22 | Queue | Villager (Male) |
| 1:53 | Build | Lumber Camp |
| 2:04 | Queue | Villager (Male) |
| 2:20 | Queue | Villager (Male) |
| 2:40 | Queue | Villager (Male) |
| 3:06 | Queue | Villager (Male) |
| 3:06 | Queue | Villager (Male) |
| 3:40 | Queue | Villager (Male) |
| 3:49 | Build | House |
| 3:57 | Queue | Villager (Male) |
| 4:21 | Queue | Villager (Male) |
| 4:22 | Queue | Villager (Male) |
| 4:31 | Build | Barracks |
| 4:48 | Queue | Villager (Male) |
| 4:48 | Queue | Villager (Male) |
| 4:53 | Build | House |
| 5:18 | Queue | Villager (Male) |
| 5:30 | Queue | Villager (Male) |
| 5:35 | Queue | Militia |
| 5:35 | Queue | Militia |
| 5:56 | Queue | Militia |
| 6:13 | Queue | Villager (Male) |
| 6:14 | Queue | Militia |
| 6:16 | Build | Mill |
| 6:37 | Queue | Militia |
| 6:38 | Queue | Villager (Male) |
| 6:44 | Build | House |
| 7:06 | Build | House |
| 7:08 | Queue | Villager (Male) |
| 7:41 | Queue | Villager (Male) |
| 7:43 | Research | Loom |
| 7:48 | Build | Palisade Wall |
| 8:18 | Queue | Villager (Male) |
| 8:22 | Build | Palisade Wall |
| 8:44 | Build | Mill |
| 8:53 | Build | Palisade Wall |
| 9:00 | Research | Feudal Age |
| 9:14 | Build | Palisade Wall |
| 10:40 | Build | House |
| 10:51 | Build | House |
| 11:02 | Build | House |
| 11:10 | Age | Feudal Age |
| 11:11 | Build | Palisade Wall |
| 11:14 | Queue | Villager (Male) |
| 11:14 | Queue | Villager (Male) |
| 11:16 | Build | Archery Range |
| 11:21 | Build | Palisade Wall |
| 11:23 | Build | House |
| 11:34 | Build | Palisade Wall |
| 11:47 | Queue | Villager (Male) |
| 11:53 | Research | Double-Bit Axe |
| 11:56 | Queue | Archer |
| 11:57 | Queue | Archer |
| 12:09 | Build | Farm |
| 12:10 | Build | Farm |
| 12:12 | Build | Farm |
| 12:13 | Build | Farm |
| 12:14 | Build | Farm |
| 12:23 | Queue | Archer |
| 12:23 | Queue | Villager (Male) |
| 12:23 | Queue | Villager (Male) |
| 12:37 | Build | Farm |
| 12:49 | Build | Farm |
| 12:59 | Queue | Skirmisher |
| 13:02 | Queue | Skirmisher |
| 13:03 | Build | Farm |
| 13:12 | Queue | Villager (Male) |
| 13:12 | Queue | Villager (Male) |
| 13:22 | Queue | Villager (Male) |
| 13:35 | Build | Farm |
| 13:44 | Queue | Skirmisher |
| 13:56 | Queue | Skirmisher |
| 14:00 | Queue | Skirmisher |
| 14:02 | Queue | Villager (Male) |
| 14:06 | Build | Blacksmith |
| 14:22 | Queue | Villager (Male) |
| 14:29 | Build | Farm |
| 14:30 | Queue | Villager (Male) |
| 14:43 | Queue | Villager (Male) |
| 14:54 | Build | Mining Camp |
| 14:57 | Queue | Skirmisher |
| 15:08 | Build | Farm |
| 15:10 | Queue | Villager (Male) |
| 15:32 | Queue | Villager (Male) |
| 15:53 | Build | Lumber Camp |
| 16:01 | Queue | Villager (Male) |
| 16:07 | Queue | Skirmisher |
| 16:33 | Queue | Villager (Male) |
| 16:45 | Queue | Villager (Male) |
| 16:46 | Build | Farm |
| 16:52 | Research | Fletching |
| 16:56 | Queue | Archer |
| 17:07 | Queue | Villager (Male) |
| 17:08 | Queue | Archer |
| 17:16 | Research | Padded Archer Armor |
| 17:29 | Queue | Villager (Male) |
| 17:32 | Queue | Skirmisher |
| 17:40 | Queue | Villager (Male) |
| 17:42 | Build | Farm |
| 17:44 | Build | Farm |
| 17:53 | Build | Palisade Wall |
| 17:57 | Queue | Villager (Male) |
| 18:07 | Queue | Archer |
| 18:07 | Queue | Villager (Male) |
| 18:08 | Queue | Villager (Male) |
| 18:10 | Build | Farm |
| 18:34 | Build | Farm |
| 18:36 | Build | Farm |
| 18:37 | Queue | Villager (Male) |
| 18:54 | Queue | Villager (Male) |
| 19:08 | Build | House |
| 19:25 | Build | Market |
| 19:43 | Queue | Archer |
| 19:55 | Queue | Archer |
| 19:57 | Research | Castle Age |
| 20:34 | Build | Palisade Wall |
| 20:36 | Research | Horse Collar |
| 20:40 | Build | Archery Range |
| 20:52 | Queue | Archer |
| 21:15 | Build | Palisade Gate |
| 21:18 | Queue | Archer |
| 21:18 | Queue | Archer |
| 21:23 | Build | Farm |
| 21:26 | Build | Farm |
| 21:26 | Queue | Villager (Male) |
| 22:04 | Queue | Archer |
| 22:04 | Queue | Archer |
| 22:09 | Queue | Skirmisher |
| 22:13 | Build | Watch Tower |
| 22:30 | Queue | Archer |
| 22:37 | Age | Castle Age |
| 22:39 | Research | Bodkin Arrow |
| 22:40 | Research | Crossbowman (upgrade) |
| 22:41 | Queue | Villager (Male) |
| 22:41 | Queue | Villager (Male) |
| 22:54 | Queue | Archer |
| 22:54 | Queue | Archer |
| 22:55 | Queue | Archer |
| 22:55 | Queue | Villager (Male) |
| 23:01 | Build | Mining Camp |
| 23:03 | Queue | Archer |
| 23:04 | Queue | Archer |
| 23:26 | Queue | Archer |
| 23:30 | Queue | Villager (Male) |
Build order — Vikingo
127 actions detected in the replay
| 0:00 | Queue | Villager (Male) |
| 0:01 | Build | House |
| 0:02 | Build | House |
| 0:15 | Queue | Villager (Male) |
| 0:20 | Queue | Villager (Male) |
| 0:27 | Queue | Villager (Male) |
| 1:24 | Queue | Villager (Male) |
| 2:01 | Build | Lumber Camp |
| 2:02 | Queue | Villager (Male) |
| 2:13 | Queue | Villager (Male) |
| 2:14 | Queue | Villager (Male) |
| 2:45 | Queue | Villager (Male) |
| 2:45 | Queue | Villager (Male) |
| 3:05 | Queue | Villager (Male) |
| 3:39 | Build | House |
| 3:42 | Queue | Villager (Male) |
| 4:00 | Queue | Villager (Male) |
| 4:18 | Build | Mill |
| 4:28 | Queue | Villager (Male) |
| 4:53 | Queue | Villager (Male) |
| 4:53 | Queue | Villager (Male) |
| 5:18 | Queue | Villager (Male) |
| 5:47 | Research | Loom |
| 6:28 | Build | Barracks |
| 6:50 | Research | Feudal Age |
| 6:50 | Research | Feudal Age |
| 7:08 | Build | House |
| 7:20 | Queue | Militia |
| 7:39 | Queue | Militia |
| 7:57 | Queue | Militia |
| 8:17 | Queue | Militia |
| 8:41 | Queue | Villager (Male) |
| 8:59 | Age | Feudal Age |
| 9:03 | Build | Barracks |
| 9:07 | Build | Archery Range |
| 9:13 | Research | Man-at-Arms (upgrade) |
| 9:14 | Research | Man-at-Arms (upgrade) |
| 9:17 | Build | House |
| 9:19 | Build | House |
| 9:23 | Build | Palisade Wall |
| 9:27 | Build | House |
| 9:46 | Queue | Villager (Male) |
| 9:58 | Queue | Archer |
| 10:22 | Queue | Spearman |
| 10:39 | Queue | Archer |
| 10:48 | Queue | Villager (Male) |
| 10:59 | Queue | Archer |
| 11:07 | Queue | Villager (Male) |
| 11:24 | Build | Farm |
| 12:05 | Build | Mining Camp |
| 12:09 | Build | Blacksmith |
| 12:16 | Build | Farm |
| 12:27 | Queue | Archer |
| 12:54 | Build | Mill |
| 13:07 | Build | Palisade Gate |
| 13:35 | Queue | Archer |
| 13:36 | Queue | Villager (Male) |
| 14:05 | Queue | Archer |
| 14:07 | Queue | Villager (Male) |
| 14:39 | Build | Watch Tower |
| 14:44 | Queue | Archer |
| 14:44 | Queue | Villager (Male) |
| 14:51 | Build | Farm |
| 14:51 | Build | Farm |
| 15:12 | Queue | Archer |
| 15:14 | Queue | Villager (Male) |
| 15:16 | Build | Farm |
| 15:35 | Queue | Archer |
| 15:43 | Build | Farm |
| 15:44 | Queue | Villager (Male) |
| 16:03 | Queue | Villager (Male) |
| 16:15 | Build | Palisade Wall |
| 16:16 | Build | Palisade Wall |
| 16:16 | Build | Palisade Wall |
| 16:17 | Build | Palisade Wall |
| 16:19 | Build | Palisade Wall |
| 16:30 | Build | Stable |
| 16:31 | Queue | Archer |
| 16:32 | Queue | Villager (Male) |
| 16:41 | Research | Fletching |
| 16:41 | Research | Fletching |
| 17:19 | Queue | Archer |
| 17:20 | Queue | Villager (Male) |
| 17:23 | Queue | Scout Cavalry |
| 17:26 | Build | House |
| 17:26 | Build | House |
| 17:33 | Build | Farm |
| 17:34 | Build | Farm |
| 17:36 | Queue | Villager (Male) |
| 17:58 | Queue | Villager (Male) |
| 18:12 | Queue | Scout Cavalry |
| 18:14 | Build | Farm |
| 18:16 | Queue | Villager (Male) |
| 18:16 | Queue | Villager (Male) |
| 18:41 | Queue | Archer |
| 18:41 | Queue | Villager (Male) |
| 19:02 | Queue | Scout Cavalry |
| 19:09 | Queue | Archer |
| 19:10 | Queue | Villager (Male) |
| 19:18 | Build | Farm |
| 19:20 | Queue | Villager (Male) |
| 19:42 | Queue | Archer |
| 19:56 | Queue | Archer |
| 19:57 | Queue | Scout Cavalry |
| 20:02 | Queue | Villager (Male) |
| 20:10 | Queue | Villager (Male) |
| 20:15 | Build | Mining Camp |
| 20:15 | Queue | Villager (Male) |
| 20:25 | Queue | Archer |
| 20:37 | Queue | Villager (Male) |
| 20:37 | Build | House |
| 20:43 | Build | House |
| 21:12 | Build | House |
| 21:13 | Queue | Scout Cavalry |
| 21:14 | Queue | Archer |
| 21:41 | Build | Watch Tower |
| 22:07 | Queue | Archer |
| 22:10 | Queue | Villager (Male) |
| 22:12 | Build | Farm |
| 22:13 | Queue | Villager (Male) |
| 22:17 | Build | Market |
| 23:05 | Queue | Villager (Male) |
| 23:08 | Build | Farm |
| 23:10 | Build | Farm |
| 23:11 | Queue | Villager (Male) |
| 23:23 | Research | Bloodlines |
| 23:24 | Queue | Villager (Male) |
Match timeline
| 4:31 | Escalus · first_building Barracks |
| 6:28 | Vikingo · first_building Barracks |
| 7:48 | Escalus · wall_segment Palisade Wall x8 |
| 8:22 | Escalus · wall_segment Palisade Wall x6 |
| 8:53 | Escalus · wall_segment Palisade Wall x7 |
| 8:59 | Vikingo · age_up feudal |
| 9:07 | Vikingo · first_building Archery Range |
| 9:14 | Escalus · wall_segment Palisade Wall x4 |
| 9:23 | Vikingo · wall_segment Palisade Wall x1 |
| 11:10 | Escalus · age_up feudal |
| 11:11 | Escalus · wall_segment Palisade Wall x1 |
| 11:16 | Escalus · first_building Archery Range |
| 11:21 | Escalus · wall_segment Palisade Wall x1 |
| 11:34 | Escalus · wall_segment Palisade Wall x1 |
| 16:15 | Vikingo · wall_segment Palisade Wall x1 |
| 16:16 | Vikingo · wall_segment Palisade Wall x1 |
| 16:16 | Vikingo · wall_segment Palisade Wall x1 |
| 16:17 | Vikingo · wall_segment Palisade Wall x1 |
| 16:19 | Vikingo · wall_segment Palisade Wall x1 |
| 16:30 | Vikingo · first_building Stable |
| 17:53 | Escalus · wall_segment Palisade Wall x1 |
| 20:34 | Escalus · wall_segment Palisade Wall x1 |
| 21:20 | Escalus · first_market_sell 100 food |
| 21:21 | Escalus · first_market_buy 100 wood |
| 22:37 | Escalus · age_up castle |
| 24:01 | Vikingo · resign |
[ AI ANALYSIS · 1 CREDIT ]
What really happened in this match?
Wolo.gg analyzes every decision: build order, eco, micro, common mistakes by bracket. Personalized analysis on WhatsApp or Discord in 30 seconds.
Civ guide
Civ #61
Perfil
Escalus